 Dungeon Crawl Stone Soup version 0.28.0-47-ge53b351184 (webtiles) character file.

Game seed: 3624633462697614586

833 bobregger the Basher (level 7, -5/70 HPs)
             Began as an Ogre Berserker on May 7, 2022.
             Was a Priest of Trog.
             Killed from afar by a purple draconian (33 damage)
             ... with a bolt of dispelling energy
             ... on level 1 of the Abyss.
             The game lasted 00:05:59 (6628 turns).

bobregger the Basher (Ogre Berserker)               Turns: 6628, Time: 00:06:00

Health: -5/70      AC:  5    Str: 22    XL:     7   Next: 98%
Magic:  7/7        EV: 10    Int:  8    God:    Trog [***...]
Gold:   243        SH:  0    Dex: 10    Spells: 6/6 levels left

rFire   . . .      SeeInvis .   r - +3 mace "Lagolys" {vamp, Will+}
rCold   . . .      Faith    .   (no shield)
rNeg    . . .      Spirit   .   b - +0 animal skin
rPois   .          Reflect  .   (helmet restricted)
rElec   .          Harm     .   q - +1 cloak
rCorr   .          Rampage  .   (gloves unavailable)
Will    +....                   (boots unavailable)
Stlth   +.........              (no amulet)
HPRegen 0.21/turn               (no ring)
MPRegen 0.10/turn               (no ring)

@: no status effects
A: large, unfitting armour, tough skin 1
a: Renounce Religion, Berserk, Trog's Hand


You were on level 1 of the Abyss.
You worshipped Trog.
Trog was most pleased with you.
You visited 1 branch of the dungeon, and saw 6 of its levels.
You visited the Abyss 1 time.

You collected 243 gold pieces.

Inventory:

Hand Weapons
 r - the +3 mace "Lagolys" (weapon) {vamp, Will+}
   (You found it on level 4 of the Dungeon)

   It occasionally heals its wielder for a portion of the damage dealt when it
   wounds a living foe.
   Will:      It increases your willpower.
 u - a +0 giant spiked club
Armour
 b - a +0 animal skin (worn)
 q - a +1 cloak (worn)
Jewellery
 c - a ring of flight
Wands
 t - a wand of iceblast (10)
Scrolls
 e - a scroll of identify
 i - 4 scrolls of teleportation
 j - a scroll of brand weapon {unknown}
 k - a scroll of silence {unknown}
 l - a scroll of noise {unknown}
Potions
 d - a potion of magic {unknown}
 f - 2 potions of brilliance {unknown}
 g - a potion of heal wounds {unknown}
 h - 2 potions of mutation {unknown}
 n - a potion of might {unknown}
 o - 2 potions of ambrosia {unknown}
 p - 3 potions of lignification {unknown}
 s - a potion of curing {unknown}


   Skills:
 - Level 4.0 Fighting
 + Level 8.4 Maces & Flails
 - Level 2.6 Dodging


You had 6 spell levels left.
You didn't know any spells.
Your spell library was empty.

Dungeon Overview and Level Annotations

Branches:
Dungeon (6/15)
 Temple: D:4-7

Altars:
Cheibriados
Gozag
Okawaru
Wu Jian
Zin

Annotations:
D:6 Maggie


Innate Abilities, Weirdness & Mutations

You are too large for most types of armour.
You have tough skin. (AC +1)


Message History

Maggie mumbles some strange words.
Maggie attempts to bespell you! You resist.
You barely miss Maggie. You punch Maggie, but do no damage.
Maggie is lightly wounded.
The howler monkey hits you. Maggie barely misses you.
You barely miss Maggie.
Maggie is lightly wounded.
The howler monkey hits you. Maggie casts a spell at you.
The bolt of fire hits you! You resist.
You closely miss Maggie.
Maggie is lightly wounded.
The howler monkey hits you.
The howler monkey hits you but does no damage.
You barely miss Maggie.
Maggie is lightly wounded.
Maggie hits you with a +0 war axe of distortion!
Space warps around you.
The howler monkey hoots and howls with incredible vigour!
You hit Maggie.
Maggie is lightly wounded.
Maggie closely misses you. The howler monkey hits you.
* * * LOW HITPOINT WARNING * * *
You closely miss Maggie.
Maggie is lightly wounded.
Maggie hits you with a +0 war axe of distortion!
* * * LOW HITPOINT WARNING * * *
You are cast into the Abyss!
This branch contains the abyssal rune of Zot.
You start resting.
You start to feel less resistant.
You start resting.
Your resistance to elements expires.
You start resting.
A purple draconian comes into view. It is wielding a +0 long sword.
Found a gateway leading deeper into the Abyss.
The purple draconian roars!
The purple draconian breathes dispelling energy at you.
The bolt of dispelling energy hits you!!
You die...

>. .# . .# . #
.#.# . #. ... # .
. ... #.### #.#
.... #..# # .. .
.....#..####...∩#
#.......@....#
#.#.........#
#............#
................#
.............#..#
...............#.
#...........#..#
.
##.#d........#..
...#.#...#..#..#


You could see a purple draconian (catching breath).

Vanquished Creatures
  Sigmund (D:5)
  An ogre (D:5)
  A phantom (D:2)
  A scorpion (D:5)
  A wyvern skeleton (D:5)
  Crazy Yiuf (D:4)
  An orc priest (D:4)
  Ijyb (D:5)
  Jessica (D:2)
  An iguana (D:5)
  2 orc wizards
  Terence (D:2)
  A hound skeleton (D:5)
  A howler monkey skeleton (D:4)
  6 adders
  An ufetubus (D:4)
  An adder skeleton (D:4)
  3 dart slugs
  2 worms (D:2)
  16 orcs
  7 ball pythons
  3 endoplasms
  5 giant cockroaches
  3 goblins (D:2)
  7 hobgoblins
  4 jackals (D:2)
  6 kobolds
  11 bats
  2 frilled lizards
  5 rats
97 creatures vanquished.

Vanquished Creatures (others)
  4 toadstools (D:1)
4 creatures vanquished.

Grand Total: 101 creatures vanquished

Notes
Turn   | Place    | Note
-------+----------+-------------------------------------------
     0 | D:1      | bobregger the Ogre Berserker began the quest for the Orb.
     0 | D:1      | Reached XP level 1. HP: 24/24 MP: 1/1
   170 | D:1      | Reached skill level 3 in Maces & Flails
   315 | D:1      | Reached XP level 2. HP: 30/32 MP: 2/2
   726 | D:1      | Reached XP level 3. HP: 36/39 MP: 3/3
  1098 | D:2      | Reached ** piety under Trog
  1101 | D:2      | Reached skill level 4 in Maces & Flails
  1636 | D:2      | Found a glowing silver altar of Zin.
  1672 | D:2      | Reached XP level 4. HP: 20/48 MP: 4/4
  1932 | D:2      | Noticed Jessica
  1938 | D:2      | Killed Jessica
  2075 | D:2      | Noticed Terence
  2085 | D:2      | Killed Terence
  2086 | D:2      | Reached skill level 5 in Maces & Flails
  2310 | D:2      | Noticed a phantom
  2328 | D:2      | Killed a phantom
  2329 | D:2      | Reached XP level 5. HP: 29/54 MP: 5/5
  2588 | D:3      | Found an opulent altar of Gozag.
  2588 | D:3      | Found a snail-covered altar of Cheibriados.
  2595 | D:3      | Found a faded altar of an unknown god.
  2600 | D:3      | Found an ornate altar of the Wu Jian Council.
  3603 | D:4      | Reached skill level 6 in Maces & Flails
  3603 | D:4      | Reached XP level 6. HP: 62/62 MP: 6/6
  3884 | D:4      | Reached *** piety under Trog
  4383 | D:4      | Found an iron altar of Okawaru.
  4633 | D:4      | Identified the +3 mace "Lagolys" {vamp, Will+}
  4637 | D:4      | Found a runed translucent door.
  4638 | D:4      | Noticed Crazy Yiuf
  4646 | D:4      | Killed Crazy Yiuf
  5141 | D:5      | Entered Level 5 of the Dungeon
  5262 | D:5      | Reached skill level 7 in Maces & Flails
  5262 | D:5      | Reached XP level 7. HP: 49/70 MP: 7/7
  5401 | D:5      | Noticed Ijyb
  5418 | D:5      | Killed Ijyb
  5629 | D:5      | Noticed Sigmund
  5640 | D:5      | Killed Sigmund
  5646 | D:5      | Reached skill level 8 in Maces & Flails
  6542 | D:6      | Noticed Maggie
  6559 | D:6      | Cast into level 1 of the Abyss (Maggie)
  6627 | Abyss:1  | Noticed a purple draconian
  6628 | Abyss:1  | Killed from afar by a purple draconian

Illustrated notes

Levels and vault maps discovered:
D:1:      ldierk_water_garden, layout_loops_corners
D:2:      layout_basic, basic_altar, uniq_jessica, uniq_terence
D:3:      layout_basic, mainiacjoe_overflow_large_starburst,
          nzn_wu_jian_contemplation, basic_ecumenical_altar
D:4:      layout_gridville, okawaru_gym_becter, minivault_4,
          uniq_crazy_yiuf_cottage
D:5:      layout_loops_corners, uniq_ijyb, uniq_sigmund
D:6:      layout_basic, kennysheep_mini, minmay_temple_entry_statues_fountains,
          uniq_maggie
Abyss:1:  base:
D:5

Skill      XL: |  1  2  3  4  5  6  7 |
---------------+----------------------+-----
Maces & Flails | 3 4 5 6 7 8 |  8.4
Fighting       | |  4.0
Dodging        | |  2.6

Action                   |  1- 3 |  4- 6 |  7- 9 || total
-------------------------+-------+-------+-------++-------
Melee: Mace              |   117 |   129 |    38 ||   284
       Punch             |     2 |     1 |     2 ||     5
       Morningstar       |       |    29 |       ||    29
Invok: Berserk           |     1 |     5 |     1 ||     7
       Trog's Hand       |       |       |     1 ||     1
  Use: Scroll            |       |       |     7 ||     7
       Potion            |       |       |     1 ||     1
Armor: Animal skin       |    67 |    48 |     4 ||   119
Dodge: Dodged            |   110 |   104 |    13 ||   227
